 Dungeon Crawl Stone Soup version 0.14-a0-1388-g200237c (webtiles) character file.

1142 M4edhros the Sneak (level 8, -2/50 HPs)
             Began as an Octopode Artificer on Dec 8, 2013.
             Was a Follower of Kikubaaqudgha.
             Slain by an orc warrior
             ... wielding a -1,+0 orcish glaive
              (22 damage)
             ... on Level 6 of the Dungeon on Dec 9, 2013.
             The game lasted 00:17:36 (5706 turns).

M4edhros the Sneak (Octopode Artificer)             Turns: 5706, Time: 00:17:38

HP  -2/50        AC  5     Str  7      XL: 8   Next:  5%
MP  12/12        EV 13     Int 17      God: Kikubaaqudgha [*.....]
Gold 262         SH  0     Dex 12      Spells:  2 memorised,  3 levels left

rFire  . . .     SeeInvis .     a - +2,+3 quarterstaff
rCold  . . .     Clarity  .     (no shield)
rNeg   . . .     Conserve .     (helmet restricted)
rPois  .         rCorr    .     s - amulet "Meikhifi" {rMut Str-3 Acc+4}
rElec  .         rRot     .     E - +4 ring of protection
SustAb . .       Spirit   .     (no ring)
rMut   +         Warding  .     (no ring)
Saprov . . .     Stasis   .     (no ring)
                                (no ring)
                                (no ring)
                                (no ring)
                                (no ring)

@: slightly resistant to hostile enchantments, very stealthy
A: almost no armour, amphibious, 8 rings, constrict 8, camouflage 1, gelatinous
body 1
a: Receive Corpses, Renounce Religion


You were on level 6 of the Dungeon.
You worshipped Kikubaaqudgha.
Kikubaaqudgha was aware of your devotion.
You were not hungry.

You visited 2 branches of the dungeon, and saw 7 of its levels.
You also visited: Sewer.

You collected 262 gold pieces.

Inventory:

Hand weapons
 a - a +2,+3 quarterstaff (weapon)
 x - a +0,+1 orcish short sword
Magical devices
 b - a wand of flame (7)
 c - a wand of enslavement (13)
 d - a wand of random effects (5)
 z - a wand of fire (4)
 D - a wand of disintegration (12)
 J - a wand of flame (16)
 K - a wand of slowing (6)
 M - a wand of enslavement (4)
Comestibles
 f - 5 bread rations
 g - 2 pears
 m - 12 grapes
 o - 2 meat rations
 t - 7 strawberries
 u - an orange
 N - 15 sultanas
Scrolls
 e - 2 scrolls of remove curse
 p - 2 scrolls of fog
 w - 2 scrolls of enchant armour
 B - 2 scrolls of teleportation
 C - 2 scrolls of blinking
 L - a scroll of recharging
Jewellery
 s - the amulet "Meikhifi" (around mantle) {rMut Str-3 Acc+4}
   (You found it on level 4 of the Dungeon)

   [amulet of resist mutation]

   It affects your strength (-3).
   It affects your accuracy (+4).
 E - a +4 ring of protection (left tentacle)
Potions
 h - 2 potions of brilliance
 n - a potion of curing
 A - a potion of lignification
 G - a potion of poison {unknown}
Books
 I - Kikubaaqudgha's Disquisition on Evil Rituals
   (Kikubaaqudgha gifted it to you on level 3 of the Dungeon)

   Spells                             Type                      Level
   *Animate Skeleton                  Necromancy                   1
   Lethal Infusion                    Charms/Necromancy            2
   Sublimation of Blood               Necromancy                   2
   *Regeneration                      Charms/Necromancy            3
   Control Undead                     Necromancy                   4


   Skills:
 + Level 2.0 Fighting
 - Level 2.8 Short Blades
 * Level 4.5 Staves
 * Level 4.0 Dodging
 - Level 7.9 Stealth
 - Level 3.2 Evocations


You had 3 spell levels left.
You knew the following spells:

 Your Spells              Type           Power        Failure   Level  Hunger
a - Regeneration          Chrm/Necr      #.........   73%         3    ####...
b - Animate Skeleton      Necr           N/A          24%         1    ##.....


Dungeon Overview and Level Annotations

Branches:
Dungeon (6/16)             Temple (1/1) D:5

Altars:
Cheibriados
Elyvilon
Fedhas
Kikubaaqudgha
Makhleb
Nemelex Xobeh
Okawaru
Sif Muna
Xom
the Shining One


Innate Abilities, Weirdness & Mutations

You cannot wear most types of armour.
You are amphibious.
You can wear up to eight rings at the same time.
You can use your tentacles to constrict many enemies at once.
Your skin changes colour to match your surroundings (Stlth).
Your rubbery body absorbs attacks (AC +1).


Message History

You constrict the orc warrior, but do no damage.
The orc warrior hits you with an orcish glaive!
You hit the orc warrior.
You squeeze the orc warrior, but do no damage.
The orc warrior is almost dead.
You constrict the orc warrior, but do no damage.
You hit the orc warrior but do no damage.
The orc warrior is almost dead.
You constrict the orc warrior.
The orc warrior hits you with an orcish glaive!
You hit the orc warrior but do no damage.
The orc warrior is almost dead.
You constrict the orc warrior.
You hit the orc warrior but do no damage.
You squeeze the orc warrior, but do no damage.
The orc warrior is almost dead.
You constrict the orc warrior, but do no damage.
The orc warrior hits you with an orcish glaive!
You die...
Kikubaaqudgha rasps: "You have failed me!
Welcome... death!"

..............##........
..............)#######...
..... #.######## #....
......##.#......#####....
....>....................
.........................
..............)).........
........o...............[
........@.......########'
........).......# #....
................### #....
......###.........###..).
..... #................
..... ###..............
... #..............
###.............. +##
#................


You could see an orc warrior.

Vanquished Creatures
  2 centaurs
  Sigmund (D:3)
  A giant slug (Sewer)
  A jelly (D:6)
  A hound (D:3)
  2 crimson imps
  A giant frog zombie (D:5)
  An orc priest (D:6)
  An iguana (D:5)
  An orc wizard (D:6)
  3 worker ants (D:4)
  A scorpion (D:6)
  An ogre skeleton (D:6)
  A worker ant zombie (D:5)
  A green rat (D:4)
  2 giant centipedes (D:4)
  2 gnolls (D:3)
  2 adders (D:2)
  An inept item mimic (D:4)
  A giant mite (D:4)
  6 worms
  2 giant eyeballs
  8 giant geckos
  An ooze (D:2)
  8 orcs
  A bat skeleton (D:4)
  6 giant cockroaches
  8 hobgoblins
  10 jackals
  11 kobolds
  4 training dummies (D:5)
  7 bats
  6 giant newts
  17 goblins
  A quokka (D:2)
  14 rats
  A rat zombie (D:6)
138 creatures vanquished.

Notes
Turn   | Place    | Note
--------------------------------------------------------------
     0 | D:1      | M4edhros, the Octopode Artificer, began the quest for the Orb.
     0 | D:1      | Reached XP level 1. HP: 13/13 MP: 1/1
    80 | D:1      | Reached XP level 2. HP: 5/18 MP: 3/3
   390 | D:2      | Reached XP level 3. HP: 23/23 MP: 4/4
   720 | D:2      | Reached skill level 4 in Stealth
  1140 | D:4      | Reached XP level 4. HP: 28/28 MP: 6/6
  1153 | D:4      | Got a crude graven amulet
  1177 | D:4      | Reached skill level 5 in Stealth
  1513 | D:4      | Reached XP level 5. HP: 33/33 MP: 7/7
  1844 | D:4      | Reached skill level 1 in Staves
  1873 | D:5      | Entered Level 5 of the Dungeon
  1990 | D:5      | Reached skill level 6 in Stealth
  2068 | D:5      | Noticed a centaur
  2076 | D:5      | Killed a centaur
  2076 | D:5      | Reached XP level 6. HP: 8/38 MP: 9/9
  2093 | D:4      | Upgraded the game from 0.14-a0-1378-gf8e6a88 to 0.14-a0-1388-g200237c
  2391 | D:4      | Found a glowing drain.
  2395 | Sewer    | Entered a sewer
  2401 | Sewer    | Reached skill level 7 in Stealth
  2512 | Sewer    | Identified the amulet "Meikhifi" {rMut Str-3 Acc+4} (You found it on level 4 of the Dungeon)
  2708 | D:5      | Found a sparkling altar of Nemelex Xobeh.
  2773 | D:5      | Found a staircase to the Ecumenical Temple.
  2780 | Temple   | Entered the Ecumenical Temple
  2842 | Temple   | Became a worshipper of Kikubaaqudgha
  2970 | D:5      | Reached XP level 7. HP: 43/43 MP: 10/10
  4322 | D:3      | Acquired Kikubaaqudgha's first power
  4322 | D:3      | Received a gift from Kikubaaqudgha
  4325 | D:3      | Identified Kikubaaqudgha's Disquisition on Evil Rituals (Kikubaaqudgha gifted it to you on level 3 of the Dungeon)
  4330 | D:3      | Learned a level 3 spell: Regeneration
  4332 | D:3      | Learned a level 1 spell: Animate Skeleton
  4467 | D:3      | Found a snail-covered altar of Cheibriados.
  4467 | D:3      | Noticed Sigmund
  4471 | D:3      | Killed Sigmund
  4734 | D:5      | Found an iron altar of Okawaru.
  4884 | D:5      | Found a blossoming altar of Fedhas.
  5677 | D:6      | Reached XP level 8. HP: 43/50 MP: 12/12
  5706 | D:6      | Slain by an orc warrior

Action                   |  1- 3 |  4- 6 |  7- 9 || total
-------------------------+-------+-------+-------++-------
Melee: Short sword       |    57 |    27 |       ||    84
       Quarterstaff      |       |    72 |   137 ||   209
Evoke: Wand              |     2 |    13 |    10 ||    25
  Use: Potion            |       |     7 |       ||     7
       Scroll            |       |     1 |    14 ||    15
 Stab: Sleeping          |     7 |    10 |    19 ||    36
       Distracted        |       |       |     1 ||     1
